 Dungeon Crawl Stone Soup version 0.29.1-15-g9cfb28693d (webtiles) character file.

Game seed: 17955489092197307671

60 Heoruswealwe the Magician (level 3, -2/19 HPs)
             Began as a Deep Elf Earth Elementalist on Apr 9, 2023.
             Slain by an orc
             ... wielding a +0 club
             ... created by the fury of Okawaru
              (4 damage)
             ... on level 2 of the Dungeon.
             The game lasted 00:10:46 (1133 turns).

Heoruswealwe the Magician (DEEE)                    Turns: 1133, Time: 00:10:48

Health: -2/19      AC:  2    Str:  5    XL:     3   Next: 80%
Magic:  4/11       EV: 12    Int: 27    God:
Gold:   46         SH:  0    Dex: 15    Spells: 5/11 levels left

rFire   . . .      SeeInvis .   (no weapon)
rCold   . . .      Faith    .   (no shield)
rNeg    . . .      Spirit   .   a - +0 robe
rPois   .          Reflect  .   (no helmet)
rElec   .          Harm     .   (no cloak)
rCorr   +          Rampage  .   (no gloves)
Will    .....                   (no boots)
Stlth   ++........              h - amulet of the acrobat
HPRegen 0.06/turn               c - ring of resist corrosion
MPRegen 0.12/turn               e - +6 ring of intelligence

@: no status effects
A: no striking features
a: no special abilities


You were on level 2 of the Dungeon.
You visited 1 branch of the dungeon, and saw 2 of its levels.

You collected 46 gold pieces.

Inventory:

Armour
 a - a +0 robe (worn)
Jewellery
 c - a ring of resist corrosion (left hand)
 e - a +6 ring of intelligence (right hand)
 h - an amulet of the acrobat (around neck)
Scrolls
 f - a scroll of identify {unknown}
 g - 2 scrolls of teleportation
 i - a scroll of vulnerability {unknown}
Potions
 b - 3 potions of magic
 d - a potion of attraction {unknown}
 j - a potion of cancellation {unknown}
 k - a potion of curing {unknown}


   Skills:
 - Level 2.4 Dodging
 - Level 2.4 Stealth
 + Level 4.5 Spellcasting
 - Level 1.1 Transmutations
 + Level 4.3 Earth Magic


You had 5 spell levels left.
You knew the following spells:

 Your Spells              Type           Power      Damage    Failure   Level
a - Sandblast             Erth           58%        2d13      1%          1
b - Stone Arrow           Conj/Erth      36%        3d9       9%          3
z - Passwall              Tmut/Erth      17%        N/A       3%          2

Your spell library contained the following spells:

 Spells                   Type           Power      Damage    Failure   Level
 Poisonous Vapours        Pois/Air       12%        N/A       12%         2
 Petrify                  Tmut/Erth      21%        N/A       24%         4
 Corpse Rot               Necr/Pois/Air  6%         N/A       58%         4
 Dispersal                Tloc           3%         N/A       100%        6
 Disjunction              Tloc           3%         N/A       100%        8


Dungeon Overview and Level Annotations

Branches:
Dungeon (2/15)

Altars:
Okawaru


Message History

The blast of sand hits the ogre!
You kill the ogre!
That felt strangely unrewarding.
You see here an adder corpse.
Okawaru sends forces against you!
An orc priest and 4 orcs come into view.
You hit the orc priest but do no damage.
You closely miss the orc priest. The orc misses you.
The orc priest barely misses you.
The blast of sand hits the orc priest.
The orc priest is moderately wounded.
The orc misses you. The orc priest hits you with a +0 club.
You are too injured to fight recklessly!
Casting: Sandblast (safe; 1% risk of failure)
Confirm with . or Enter, or press ? or * to list all spells.
Aiming: Sandblast (safe; 1% risk of failure)
Press: ? - help, Shift-Dir - straight line, f/p - orc priest
Aim: an orc priest, wielding a +0 club (moderately wounded, durably summoned, 83% to hit)
The blast of sand hits the orc priest!
You kill the orc priest!
That felt strangely unrewarding.
The orc barely misses you. The orc hits you with a +0 club.
* * * LOW HITPOINT WARNING * * *
Casting: Sandblast (safe; 1% risk of failure)
Confirm with . or Enter, or press ? or * to list all spells.
Aiming: Sandblast (safe; 1% risk of failure)
Press: ? - help, Shift-Dir - straight line, f - orc
Aim: an orc, wielding a +0 club (durably summoned, 83% to hit)
The blast of sand hits the orc!
You kill the orc!
That felt strangely unrewarding.
Casting: Sandblast (safe; 1% risk of failure)
Confirm with . or Enter, or press ? or * to list all spells.
Aiming: Sandblast (safe; 1% risk of failure)
Press: ? - help, Shift-Dir - straight line, f - orc
Aim: an orc, wielding a +0 club (durably summoned, 83% to hit)
The blast of sand hits the orc!
You kill the orc!
That felt strangely unrewarding.
The orc hits you with a +0 club.
You die...

.8.8.#
#...............#
.....#
#...............#
.#...#
#.###...........#
.#.######.#
#...........#
.#........#
#############
.########.# .## #.#
..# #.############ ..#
#.##....@oo..# ..####
#.##.#######.# .....#
#.##.# .. #.# .###.#
#.##.###. #.# .#
#.####.##.#... #.# .#
#......##.#.# #.# .#
#####.......# #.#
.########......#####.#
.#...................#


You could see 2 orcs.

Vanquished Creatures
  An ogre (D:2)
  An orc priest (D:2)
  2 adders (D:2)
  A worm (D:2)
  3 orcs (D:2)
  8 ball pythons
  An endoplasm (D:1)
  2 giant cockroaches
  A goblin (D:1)
  4 hobgoblins
  2 kobolds (D:1)
  2 quokkas (D:1)
  6 bats
  2 frilled lizards
  8 rats
44 creatures vanquished.

Notes
Turn   | Place    | Note
-------+----------+-------------------------------------------
     0 | D:1      | Heoruswealwe the Deep Elf Earth Elementalist began the
                  | quest for the Orb.
     0 | D:1      | Reached XP level 1. HP: 10/10 MP: 6/6
   110 | D:1      | Reached XP level 2. HP: 15/15 MP: 2/8
   113 | D:1      | Learned a level 2 spell: Passwall
   647 | D:1      | Reached XP level 3. HP: 19/19 MP: 8/10
   651 | D:1      | Learned a level 3 spell: Stone Arrow
   860 | D:2      | Found a faded altar of an unknown god.
   869 | D:2      | Prayed at the altar of an unknown god.
   869 | D:2      | Became a worshipper of Warmaster Okawaru
   869 | D:2      | Reached * piety under Okawaru
   876 | D:2      | Fell from the grace of Okawaru
  1120 | D:2      | Noticed an ogre
  1125 | D:2      | Killed an ogre
  1133 | D:2      | Slain by an orc

Illustrated notes

Levels and vault maps discovered:
D:1:      dpeg_arrival_oval, layout_loops_ring
D:2:      layout_basic, dreamdust_ecumenical_altar_angels_and_demons

Skill      XL: |  1  2 |
---------------+-------+-----
Spellcasting   | 4 |  4.5
Earth Magic    | 4 |  4.3
Dodging        | |  2.4
Stealth        | |  2.4
Transmutations | |  1.1

Action                   || total
-------------------------++-------
Melee: Unarmed           ||     3
 Cast: Sandblast         ||    54
       Passwall          ||     2
Invok: Renounce Religion ||     1
  Use: Scroll            ||     1
Armor: Robe              ||     2
Dodge: Dodged            ||    14
